[Event "ESTCC 65 2019"]
[Site "Mali Losinj"]
[Date "2019.09.22"]
[Round "5.20"]
[White "Strobel, Ferdinand"]
[Black "Fabrin, Morten"]
[Result "1/2-1/2"]
[ECO "A03"]
[WhiteElo "1956"]
[BlackElo "1998"]
[Annotator "NA"]
[PlyCount "90"]
[EventDate "2019.09.18"]
[EventType "team-tourn"]
[EventCountry "CRO"]
[SourceTitle "playchess.com"]
[Source "ChessBase"]
[SourceQuality "1"]
[WhiteTeam "Austria"]
[BlackTeam "Denmark"]
[WhiteTeamCountry "AUT"]
[BlackTeamCountry "DEN"]
[TimeControl "40/5400+30:1800+30"]

1. f4 Nf6 2. Nf3 d5 3. g3 c5 4. d3 g6 5. Bg2 Bg7 6. O-O O-O 7. c3 Nc6 8. h3 d4 9. e4 dxe3 10. Bxe3 Qd6 11. Na3 Bf5 12. d4 cxd4 13. Nxd4 Be4 14. Qe2 Bxg2 15. Kxg2 Nd5 16. Nf3 Rad8 17. Bf2 Nxc3 18. Qc2 Nd5 19. Rad1 Qb4 20. Nc4 Rfe8 21. Rd3 e6 22. Rfd1 Na5 23. Nxa5 Qxa5 24. Ra3 Qb5 25. Rxa7 Rc8 26. Qd3 Qc6 27. Qb3 b6 28. Rd2 b5 29. a3 Red8 30. Re2 Nb6 31. Ra5 Rd5 32. Ra6 Qc4 33. Qxc4 Nxc4 34. b3 Nd6 35. Ne5 Bxe5 36. fxe5 Nf5 37. g4 Nd4 38. Bxd4 Rxd4 39. Re3 Rc5 40. b4 Rc2+ 41. Kf3 Rh2 42. Kg3 Rdd2 43. Kf4 Rd4+ 44. Kg3 Rhd2 45. Rc6 Rd5 1/2-1/2

[Event "ESTCC 65 2019"]
[Site "Mali Losinj"]
[Date "2019.09.22"]
[Round "5.21"]
[White "Carlsten, Peter"]
[Black "Lohan, Martin"]
[Result "1/2-1/2"]
[ECO "C05"]
[WhiteElo "1986"]
[BlackElo "1796"]
[Annotator "NA"]
[PlyCount "64"]
[EventDate "2019.09.18"]
[EventType "team-tourn"]
[EventCountry "CRO"]
[SourceTitle "playchess.com"]
[Source "ChessBase"]
[SourceQuality "1"]
[WhiteTeam "Sweden"]
[BlackTeam "Ireland"]
[WhiteTeamCountry "SWE"]
[BlackTeamCountry "IRL"]
[TimeControl "40/5400+30:1800+30"]

1. e4 e6 2. d4 d5 3. Nd2 Nf6 4. e5 Nfd7 5. c3 c5 6. f4 Nc6 7. Ndf3 Rb8 8. Bd3 b5 9. Ne2 Qb6 10. O-O b4 11. Kh1 Ba6 12. f5 cxd4 13. cxd4 Bxd3 14. Qxd3 Qb5 15. Qxb5 Rxb5 16. fxe6 fxe6 17. Ng5 Nd8 18. Nf4 Ke7 19. Be3 g6 20. Rac1 Bh6 21. Nd3 Bg7 22. Rc7 h6 23. Nc5 Rxc5 24. dxc5 Bxe5 25. Rc8 hxg5 26. c6 Rxh2+ 27. Kg1 Rh8 28. cxd7 Kxd7 29. Ra8 Bh2+ 30. Kf2 Rf8+ 31. Ke2 Rxf1 32. Kxf1 Nc6 1/2-1/2

[Event "ESTCC 65 2019"]
[Site "Mali Losinj"]
[Date "2019.09.22"]
[Round "5.22"]
[White "Egan, Colm"]
[Black "Ahlstrom, Per"]
[Result "0-1"]
[ECO "A45"]
[WhiteElo "1710"]
[BlackElo "1838"]
[Annotator "NA"]
[PlyCount "76"]
[EventDate "2019.09.18"]
[EventType "team-tourn"]
[EventCountry "CRO"]
[SourceTitle "playchess.com"]
[Source "ChessBase"]
[SourceQuality "1"]
[WhiteTeam "Ireland"]
[BlackTeam "Sweden"]
[WhiteTeamCountry "IRL"]
[BlackTeamCountry "SWE"]
[TimeControl "40/5400+30:1800+30"]

1. d4 Nf6 2. Bg5 e6 3. Bxf6 Qxf6 4. e4 d6 5. Nf3 e5 6. Nc3 c6 7. Qd2 Be7 8. h3 Nd7 9. d5 Nb6 10. Be2 Bd7 11. O-O-O Rc8 12. g4 g6 13. Kb1 Qg7 14. g5 h5 15. h4 O-O 16. Qe3 Rc7 17. Nd2 Rfc8 18. dxc6 bxc6 19. Ba6 Rb8 20. Nb3 Be6 21. Qe2 d5 22. exd5 Nxd5 23. Nxd5 cxd5 24. Rhe1 Rb6 25. c3 e4 26. Rd4 Bc5 27. Nxc5 Rxc5 28. Qf1 Rxc3 29. Rd2 Rc5 30. Rc1 Ra5 31. Bc8 Bxc8 32. Rxc8+ Kh7 33. Qe1 Rab5 34. Qc1 Qe5 35. Rc7 Rxb2+ 36. Rxb2 Rxb2+ 37. Qxb2 Qxc7 38. Qd4 Qb6+ 0-1

[Event "ESTCC 65 2019"]
[Site "Mali Losinj"]
[Date "2019.09.22"]
[Round "5.23"]
[White "Dalling, Peter"]
[Black "Cassidy, Sydney"]
[Result "1-0"]
[ECO "B22"]
[WhiteElo "1824"]
[BlackElo "1599"]
[Annotator "NA"]
[PlyCount "51"]
[EventDate "2019.09.18"]
[EventType "team-tourn"]
[EventCountry "CRO"]
[SourceTitle "playchess.com"]
[Source "ChessBase"]
[SourceQuality "1"]
[WhiteTeam "Sweden"]
[BlackTeam "Ireland"]
[WhiteTeamCountry "SWE"]
[BlackTeamCountry "IRL"]
[TimeControl "40/5400+30:1800+30"]

1. e4 c5 2. Nf3 d6 3. d4 cxd4 4. c3 Nf6 5. Bd3 e6 6. O-O Be7 7. cxd4 O-O 8. Nc3 Nc6 9. h3 b6 10. Qe2 Bb7 11. Be3 Re8 12. Rac1 Rc8 13. Rfd1 Rc7 14. Bb5 d5 15. e5 Nd7 16. Bf4 Qa8 17. Nxd5 exd5 18. e6 Nxd4 19. Nxd4 Rxc1 20. Rxc1 Nc5 21. exf7+ Kxf7 22. Bxe8+ Kxe8 23. b4 Ne4 24. f3 Bxb4 25. fxe4 dxe4 26. Qb5+ 1-0

[Event "ESTCC 65 2019"]
[Site "Mali Losinj"]
[Date "2019.09.22"]
[Round "5.24"]
[White "Durkan, Joe"]
[Black "Palsson, Bertil"]
[Result "1-0"]
[ECO "B22"]
[WhiteElo "1459"]
[BlackElo "1784"]
[Annotator "NA"]
[PlyCount "57"]
[EventDate "2019.09.18"]
[EventType "team-tourn"]
[EventCountry "CRO"]
[SourceTitle "playchess.com"]
[Source "ChessBase"]
[SourceQuality "1"]
[WhiteTeam "Ireland"]
[BlackTeam "Sweden"]
[WhiteTeamCountry "IRL"]
[BlackTeamCountry "SWE"]
[TimeControl "40/5400+30:1800+30"]

1. e4 d5 2. e5 c5 3. c3 Bf5 4. Nf3 Nc6 5. d4 c4 6. Nh4 e6 7. Nxf5 exf5 8. g3 f6 9. exf6 Nxf6 10. Bh3 g6 11. O-O Be7 12. Qe2 Qd7 13. Re1 O-O-O 14. Bf4 Rde8 15. Qc2 Bd6 16. Rxe8+ Rxe8 17. Be3 Ne4 18. Nd2 h6 19. Nf1 Kb8 20. Re1 Qf7 21. Qc1 Rh8 22. Bf4 g5 23. Bxd6+ Nxd6 24. Re2 g4 25. Qf4 Kc7 26. Bg2 Kd7 27. Ne3 Ne7 28. Qe5 Ne4 29. Qxh8 1-0

[Event "ESTCC 65 2019"]
[Site "Mali Losinj"]
[Date "2019.09.22"]
[Round "5.25"]
[White "Kolbak, Jens"]
[Black "Peltola, Leo"]
[Result "1-0"]
[ECO "E14"]
[WhiteElo "2173"]
[BlackElo "1966"]
[Annotator "NA"]
[PlyCount "97"]
[EventDate "2019.09.18"]
[EventType "team-tourn"]
[EventCountry "CRO"]
[SourceTitle "playchess.com"]
[Source "ChessBase"]
[SourceQuality "1"]
[WhiteTeam "Denmark"]
[BlackTeam "Finland"]
[WhiteTeamCountry "DEN"]
[BlackTeamCountry "FIN"]
[TimeControl "40/5400+30:1800+30"]

1. d4 Nf6 2. Nf3 d5 3. c4 e6 4. e3 b6 5. Nc3 Bb7 6. cxd5 exd5 7. Bd3 Be7 8. O-O Nbd7 9. Qc2 O-O 10. Ne5 c5 11. Bf5 g6 12. Nxd7 Nxd7 13. Bh3 Bf6 14. Qa4 Nb8 15. Rd1 Bc6 16. Qc2 c4 17. e4 Na6 18. a3 Nc7 19. e5 Bg7 20. Be3 Bd7 21. Bxd7 Qxd7 22. a4 a6 23. b3 b5 24. bxc4 bxc4 25. Rab1 Rfb8 26. Rb2 a5 27. Rdb1 Rxb2 28. Qxb2 Na6 29. Qb5 Qxb5 30. Rxb5 Nb4 31. Kf1 Bf8 32. Ke2 Nc2 33. Nxd5 Bb4 34. Kd1 Na3 35. Rb7 Bf8 36. Nf6+ Kg7 37. Bc1 Rd8 38. Nd7 Bb4 39. Bxa3 Bxa3 40. Kc2 Bb4 41. d5 h5 42. d6 g5 43. Nb6 c3 44. Nd5 Kg6 45. Nxb4 axb4 46. Rxb4 Kf5 47. Rb5 f6 48. exf6+ Kxf6 49. a5 1-0

[Event "ESTCC 65 2019"]
[Site "Mali Losinj"]
[Date "2019.09.22"]
[Round "5.26"]
[White "Karppinen, Martti"]
[Black "Olesen, Poul Erik Norgaard"]
[Result "1/2-1/2"]
[ECO "A49"]
[WhiteElo "1925"]
[BlackElo "1996"]
[Annotator "NA"]
[PlyCount "96"]
[EventDate "2019.09.18"]
[EventType "team-tourn"]
[EventCountry "CRO"]
[SourceTitle "playchess.com"]
[Source "ChessBase"]
[SourceQuality "1"]
[WhiteTeam "Finland"]
[BlackTeam "Denmark"]
[WhiteTeamCountry "FIN"]
[BlackTeamCountry "DEN"]
[TimeControl "40/5400+30:1800+30"]

1. d4 g6 2. g3 Bg7 3. Bg2 Nf6 4. Nf3 d6 5. O-O c6 6. c3 O-O 7. a4 Qc7 8. Na3 e5 9. Bg5 h6 10. Bxf6 Bxf6 11. Qc1 Bg7 12. dxe5 dxe5 13. e4 Be6 14. Nc2 Nd7 15. Qe3 a5 16. Rfd1 Bb3 17. Rdc1 Nb6 18. Bf1 Bxa4 19. Na3 Bb3 20. c4 a4 21. Nd2 Rfd8 22. Nxb3 axb3 23. Qxb3 Na4 24. Nc2 Nc5 25. Qe3 Rxa1 26. Rxa1 Ne6 27. Kg2 Nd4 28. Nxd4 exd4 29. Qd2 c5 30. Bd3 b6 31. Qd1 b5 32. b3 bxc4 33. bxc4 Qc6 34. Qf3 Ra8 35. Rxa8+ Qxa8 36. h4 h5 37. Bc2 Qa5 38. Bd3 Qc3 39. Qe2 Bh6 40. e5 Qd2 41. e6 Qxe2 42. exf7+ Kxf7 43. Bxe2 Kf6 44. f4 Bf8 45. Kf3 Bd6 46. Bd3 Bf8 47. Bf1 Bd6 48. Ke4 Bf8 1/2-1/2

[Event "ESTCC 65 2019"]
[Site "Mali Losinj"]
[Date "2019.09.22"]
[Round "5.27"]
[White "Jorgensen, Arne Bjorn"]
[Black "Virtanen, Esko"]
[Result "1/2-1/2"]
[ECO "D02"]
[WhiteElo "1996"]
[BlackElo "1771"]
[Annotator "NA"]
[PlyCount "190"]
[EventDate "2019.09.18"]
[EventType "team-tourn"]
[EventCountry "CRO"]
[SourceTitle "playchess.com"]
[Source "ChessBase"]
[SourceQuality "1"]
[WhiteTeam "Denmark"]
[BlackTeam "Finland"]
[WhiteTeamCountry "DEN"]
[BlackTeamCountry "FIN"]
[TimeControl "40/5400+30:1800+30"]

1. d4 d5 2. c4 c6 3. Nc3 Nf6 4. Nf3 Bf5 5. Bf4 e6 6. e3 Nh5 7. Bg5 Be7 8. Bxe7 Qxe7 9. Be2 Nf6 10. a3 h6 11. Rc1 O-O 12. O-O dxc4 13. Bxc4 c5 14. Qe2 cxd4 15. Nxd4 Bg6 16. Rfd1 Nbd7 17. e4 Ne5 18. Ba2 Rac8 19. h3 Rfd8 20. g4 Nc6 21. Nxc6 Rxc6 22. Rxd8+ Qxd8 23. Rd1 Qe7 24. e5 Nd7 25. Qe3 a6 26. Qd4 Nf8 27. Qd8 Qxd8 28. Rxd8 b5 29. f4 f5 30. exf6 gxf6 31. Kf2 f5 32. Ke3 fxg4 33. hxg4 h5 34. gxh5 Bxh5 35. Nd5 Kg7 36. Nc3 Bg4 37. Rd2 Bf5 38. Ne4 Bh3 39. Bb1 Bf5 40. Bd3 Kf7 41. Be2 Ke7 42. Bf3 Rb6 43. b4 Ng6 44. Nc5 e5 45. fxe5 Nxe5 46. Kf4 Nxf3 47. Kxf3 Rh6 48. Kf4 Bc8 49. Re2+ Kd8 50. Re3 Kc7 51. Rg3 Kb6 52. Nb3 Rh4+ 53. Ke5 Rh5+ 54. Kd4 Rh4+ 55. Kc3 Rh3 56. Rxh3 Bxh3 57. Kd4 Be6 58. Nc5 Bg4 59. Ke5 a5 60. Kd6 axb4 61. axb4 Be2 62. Nd7+ Kb7 63. Kc5 Bf1 64. Nb6 Be2 65. Nd5 Bc4 66. Nc3 Ka6 67. Kc6 Bf1 68. Kc7 Bg2 69. Ne2 Be4 70. Nd4 Bd5 71. Kd6 Bg2 72. Kc5 Bf1 73. Ne6 Kb7 74. Nf4 Bc4 75. Ng6 Bf1 76. Ne7 Bc4 77. Nc6 Bf1 78. Nd4 Ka6 79. Kc6 Bg2+ 80. Kc7 Be4 81. Ne6 Bg2 82. Nd8 Bd5 83. Nc6 Bg2 84. Nb8+ Ka7 85. Nd7 Ka6 86. Kd6 Bf1 87. Kc5 Be2 88. Nb8+ Kb7 89. Nd7 Ka6 90. Nf8 Bg4 91. Ng6 Be2 92. Ne7 Bf1 93. Nd5 Kb7 94. Nc3 Ka6 95. Nxb5 Bxb5 1/2-1/2

[Event "ESTCC 65 2019"]
[Site "Mali Losinj"]
[Date "2019.09.22"]
[Round "5.28"]
[White "Ristoja, Aulikki"]
[Black "Andersson, Finn"]
[Result "0-1"]
[ECO "A45"]
[WhiteElo "1558"]
[BlackElo "1771"]
[Annotator "NA"]
[PlyCount "119"]
[EventDate "2019.09.18"]
[EventType "team-tourn"]
[EventCountry "CRO"]
[SourceTitle "playchess.com"]
[Source "ChessBase"]
[SourceQuality "1"]
[WhiteTeam "Finland"]
[BlackTeam "Denmark"]
[WhiteTeamCountry "FIN"]
[BlackTeamCountry "DEN"]
[TimeControl "40/5400+30:1800+30"]

1. d4 Nf6 2. Bf4 d6 3. e3 Bf5 4. c4 Nbd7 5. Nc3 e5 6. Bg3 c6 7. Nf3 Qc7 8. Be2 Be7 9. h3 h6 10. a3 O-O 11. O-O Rfe8 12. Rc1 e4 13. Nd2 Bf8 14. b4 Qd8 15. Nb3 b6 16. Bh2 Rc8 17. Qd2 Qe7 18. Rfd1 a6 19. d5 c5 20. bxc5 bxc5 21. Na5 Nh7 22. Nc6 Qg5 23. Bf4 Qf6 24. Bf1 g5 25. Bh2 g4 26. hxg4 Bxg4 27. Be2 Qg6 28. Kh1 Qh5 29. Bxg4 Qxg4 30. Qe2 Qh4 31. f3 Nhf6 32. Rg1 Kh8 33. Qe1 Qg5 34. f4 Qg4 35. Qg3 h5 36. Rce1 Bg7 37. Nd1 Nb8 38. Na5 Rg8 39. Nb7 Qd7 40. Na5 Bf8 41. Qh3 Qg4 42. Nf2 Qxh3 43. gxh3 Be7 44. f5 Rge8 45. Nb7 Nbd7 46. Nxd6 Bxd6 47. Bxd6 Ne5 48. Rc1 Nf3 49. Rg2 Nh7 50. Bf4 Nh4 51. d6 Nxg2 52. Kxg2 Nf6 53. Rb1 Rb8 54. Rd1 Nd7 55. Kg3 Rb2 56. Rc1 a5 57. Nd1 Rg8+ 58. Bg5 Rxg5+ 59. Kf4 Rbg2 60. Kxe4 0-1

[Event "ESTCC 65 2019"]
[Site "Mali Losinj"]
[Date "2019.09.22"]
[Round "5.29"]
[White "Vadlja, Stjepan"]
[Black "Grahn, Lars"]
[Result "0-1"]
[ECO "A85"]
[WhiteElo "1636"]
[BlackElo "2024"]
[Annotator "NA"]
[PlyCount "130"]
[EventDate "2019.09.18"]
[EventType "team-tourn"]
[EventCountry "CRO"]
[SourceTitle "playchess.com"]
[Source "ChessBase"]
[SourceQuality "1"]
[WhiteTeam "Croatia"]
[BlackTeam "Sweden"]
[WhiteTeamCountry "CRO"]
[BlackTeamCountry "SWE"]
[TimeControl "40/5400+30:1800+30"]

1. d4 f5 2. c4 Nf6 3. Nc3 g6 4. Nf3 Bg7 5. Qc2 d6 6. Bg5 O-O 7. e3 c6 8. Be2 Qc7 9. Rc1 h6 10. Bxf6 Bxf6 11. d5 c5 12. O-O Nd7 13. Nd2 Ne5 14. Nf3 Bd7 15. Ne1 Kg7 16. Nd3 Nxc4 17. Nf4 Nb6 18. Nb5 Qc8 19. Ne6+ Bxe6 20. dxe6 a6 21. Nc3 Qxe6 22. b3 Qe5 23. Nd1 Rac8 24. Bf3 d5 25. Qd2 Qd6 26. Nc3 e6 27. g3 c4 28. Ne2 cxb3 29. axb3 Rxc1 30. Rxc1 Rc8 31. Rd1 g5 32. g4 fxg4 33. Bxg4 Nd7 34. Ng3 Ne5 35. Be2 Qc5 36. Kg2 Qc3 37. Qa2 Nc6 38. Qb1 Ne7 39. Bg4 Rc6 40. Nh5+ Kh8 41. Rd3 Qa1 42. Qxa1 Bxa1 43. f4 Ng6 44. Rd1 Bb2 45. Rd2 Bc1 46. Rd3 gxf4 47. exf4 Nxf4+ 48. Nxf4 Bxf4 49. h3 Kg7 50. Kf3 Bg5 51. Bh5 Kf6 52. Be8 Rc1 53. Kg4 Ke5 54. Rf3 Rg1+ 55. Kh5 Bf4 56. Bd7 Ke4 57. Rxf4+ Kxf4 58. Bxe6 d4 59. Bc4 Rg3 60. h4 d3 61. Kxh6 d2 62. Be2 Rg1 63. h5 d1=Q 64. Bxd1 Rxd1 65. Kg6 Rb1 0-1

[Event "ESTCC 65 2019"]
[Site "Mali Losinj"]
[Date "2019.09.22"]
[Round "5.31"]
[White "Novak, Stjepan"]
[Black "Bernhardsson, Sten"]
[Result "0-1"]
[ECO "B40"]
[WhiteElo "1503"]
[BlackElo "1956"]
[Annotator "NA"]
[PlyCount "26"]
[EventDate "2019.09.18"]
[EventType "team-tourn"]
[EventCountry "CRO"]
[SourceTitle "playchess.com"]
[Source "ChessBase"]
[SourceQuality "1"]
[WhiteTeam "Croatia"]
[BlackTeam "Sweden"]
[WhiteTeamCountry "CRO"]
[BlackTeamCountry "SWE"]
[TimeControl "40/5400+30:1800+30"]

1. e4 c5 2. Nf3 e6 3. Be2 Nc6 4. b3 d6 5. Bb5 Bd7 6. O-O Nf6 7. Bxc6 Bxc6 8. e5 dxe5 9. Nxe5 Qd4 10. Nxc6 Qxa1 11. Qf3 Qxb1 12. d4 Qxc2 13. Ne5 Qe4 0-1

[Event "ESTCC 65 2019"]
[Site "Mali Losinj"]
[Date "2019.09.22"]
[Round "5.32"]
[White "Nordenstrom, Sven"]
[Black "Petanjek, Zvonko"]
[Result "1-0"]
[ECO "D02"]
[WhiteElo "1874"]
[BlackElo "1650"]
[Annotator "NA"]
[PlyCount "33"]
[EventDate "2019.09.18"]
[EventType "team-tourn"]
[EventCountry "CRO"]
[SourceTitle "playchess.com"]
[Source "ChessBase"]
[SourceQuality "1"]
[WhiteTeam "Sweden"]
[BlackTeam "Croatia"]
[WhiteTeamCountry "SWE"]
[BlackTeamCountry "CRO"]
[TimeControl "40/5400+30:1800+30"]

1. Nf3 Nc6 2. d4 d5 3. Bf4 Nf6 4. e3 a6 5. h3 h6 6. c3 Bf5 7. Bd3 Be4 8. Qe2 b5 9. O-O e6 10. a4 b4 11. Bxa6 Bxf3 12. gxf3 Nb8 13. Bd3 Bd6 14. Bg3 Qd7 15. Kg2 Rxa4 16. Rxa4 Qxa4 17. Bb5+ 1-0

[Event "ESTCC 65 2019"]
[Site "Mali Losinj"]
[Date "2019.09.23"]
[Round "6.1"]
[White "Balashov, Yuri S"]
[Black "Beilfuss, Wilfried"]
[Result "1-0"]
[ECO "B85"]
[WhiteElo "2466"]
[BlackElo "2192"]
[Annotator "ChessBase"]
[PlyCount "43"]
[EventDate "2019.09.18"]
[EventType "team-tourn"]
[EventCountry "CRO"]
[SourceTitle "playchess.com"]
[Source "ChessBase"]
[SourceQuality "1"]
[WhiteTeam "Russia"]
[BlackTeam "Germany"]
[WhiteTeamCountry "RUS"]
[BlackTeamCountry "GER"]
[TimeControl "40/5400+30:1800+30"]

1. e4 c5 2. Nf3 Nc6 3. Nc3 e6 4. d4 cxd4 5. Nxd4 Qc7 6. Be3 a6 7. a3 Nf6 8. Be2 Be7 9. f4 d6 10. O-O O-O 11. Kh1 Bd7 12. Qe1 Rac8 13. Qg3 Kh8 14. Bd3 e5 15. fxe5 Nxe5 16. Nf5 Bxf5 17. Rxf5 g6 18. Rxf6 Bxf6 19. Nd5 Qd8 20. Bb6 Qd7 21. Nxf6 Qe6 22. Rf1 1-0

[Event "ESTCC 65 2019"]
[Site "Mali Losinj"]
[Date "2019.09.23"]
[Round "6.2"]
[White "Becker, Norbert"]
[Black "Kalegin, Evgenij"]
[Result "0-1"]
[ECO "A48"]
[WhiteElo "2131"]
[BlackElo "2435"]
[Annotator "ChessBase"]
[PlyCount "140"]
[EventDate "2019.09.18"]
[EventType "team-tourn"]
[EventCountry "CRO"]
[SourceTitle "playchess.com"]
[Source "ChessBase"]
[SourceQuality "1"]
[WhiteTeam "Germany"]
[BlackTeam "Russia"]
[WhiteTeamCountry "GER"]
[BlackTeamCountry "RUS"]
[TimeControl "40/5400+30:1800+30"]

1. d4 Nf6 2. Nf3 g6 3. Bf4 Bg7 4. e3 O-O 5. h3 c5 6. c3 b6 7. Nbd2 Bb7 8. Be2 d6 9. O-O Nbd7 10. a4 a6 11. Qc2 Qc7 12. Rfd1 cxd4 13. exd4 e5 14. dxe5 dxe5 15. Bh2 Rad8 16. Qb3 Nh5 17. Qc4 Qb8 18. Ng5 Nf4 19. Bf3 Rc8 20. Qf1 Nc5 21. Bxf4 exf4 22. Bxb7 Qxb7 23. Nc4 Qc7 24. Nd6 Rcd8 25. Ndxf7 Rxd1 26. Rxd1 Rxf7 27. Qc4 h6 28. Nxf7 Qxf7 29. Rd8+ Bf8 30. Qxf7+ Kxf7 31. Ra8 a5 32. b4 Nxa4 33. bxa5 bxa5 34. Rxa5 Nxc3 35. Ra6 Ne2+ 36. Kf1 Nd4 37. Ra4 Bg7 38. Ra6 g5 39. f3 Nf5 40. Kg1 Bd4+ 41. Kh2 Bf2 42. Rc6 Ke7 43. Ra6 Nd6 44. Ra8 Ke6 45. Ra5 Bd4 46. Kh1 Bc3 47. Ra3 Bb4 48. Ra4 Bc5 49. Ra8 Nf5 50. Ra5 Kd5 51. Ra4 Kc6 52. Kh2 Kb5 53. Re4 Bd4 54. Re8 Kc4 55. Rf8 Nh4 56. Rf7 Kd3 57. Re7 Bf2 58. Rh7 Ke2 59. Rxh6 Kf1 60. Rh5 Bg3+ 61. Kh1 Nxg2 62. Rxg5 Nh4 63. Ra5 Nxf3 64. Ra4 Ne5 65. h4 Ng4 66. Ra1+ Be1 67. Ra4 Bd2 68. h5 Ke2 69. Re4+ Be3 70. h6 Nf2+ 0-1

[Event "ESTCC 65 2019"]
[Site "Mali Losinj"]
[Date "2019.09.23"]
[Round "6.4"]
[White "Thoele, Wolfgang"]
[Black "Pushkov, Nikolai"]
[Result "1/2-1/2"]
[ECO "C01"]
[WhiteElo "1865"]
[BlackElo "2261"]
[Annotator "NA"]
[PlyCount "99"]
[EventDate "2019.09.18"]
[EventType "team-tourn"]
[EventCountry "CRO"]
[SourceTitle "playchess.com"]
[Source "ChessBase"]
[SourceQuality "1"]
[WhiteTeam "Germany"]
[BlackTeam "Russia"]
[WhiteTeamCountry "GER"]
[BlackTeamCountry "RUS"]
[TimeControl "40/5400+30:1800+30"]

1. e4 e6 2. d4 d5 3. exd5 exd5 4. Nf3 Nf6 5. Bg5 Be7 6. Be2 Bf5 7. O-O O-O 8. Nbd2 Nbd7 9. Re1 Re8 10. Nf1 h6 11. Bxf6 Bxf6 12. Ne3 Be4 13. c3 c6 14. Bd3 g6 15. Bxe4 Rxe4 16. Nd2 Re8 17. Qc2 h5 18. Nef1 Qb6 19. Nf3 Nf8 20. Rxe8 Rxe8 21. Re1 Rd8 22. N1d2 Kg7 23. g3 Ne6 24. b4 a5 25. a3 axb4 26. axb4 Qa6 27. Ne5 Bxe5 28. Rxe5 Qa1+ 29. Kg2 Ra8 30. Nb3 Qa4 31. Re1 Qb5 32. Nc5 Nxc5 33. bxc5 Ra3 34. Qd2 Qa5 35. Rc1 b6 36. cxb6 Qxb6 37. Qe3 Qc7 38. Qe8 Qd6 39. Qe3 Qe6 40. Re1 Qf5 41. Qd2 Qf6 42. Re3 Ra1 43. Qb2 Ra7 44. Qb6 Ra2 45. Rf3 Qe6 46. Qb7 Re2 47. h4 Re1 48. Qc7 Re4 49. Rf4 Re1 50. Rf3 1/2-1/2

[Event "ESTCC 65 2019"]
[Site "Mali Losinj"]
[Date "2019.09.23"]
[Round "6.5"]
[White "Rantanen, Yrjo A."]
[Black "Werner, Clemens"]
[Result "1-0"]
[ECO "B14"]
[WhiteElo "2309"]
[BlackElo "2286"]
[Annotator "NA"]
[PlyCount "53"]
[EventDate "2019.09.18"]
[EventType "team-tourn"]
[EventCountry "CRO"]
[SourceTitle "playchess.com"]
[Source "ChessBase"]
[SourceQuality "1"]
[WhiteTeam "Finland"]
[BlackTeam "Germany"]
[WhiteTeamCountry "FIN"]
[BlackTeamCountry "GER"]
[TimeControl "40/5400+30:1800+30"]

1. e4 c6 2. d4 d5 3. exd5 cxd5 4. c4 Nf6 5. Nc3 g6 6. cxd5 Nxd5 7. Qb3 Nb6 8. Nf3 Bg7 9. Bb5+ N8d7 10. a4 a6 11. Be2 a5 12. Bf4 O-O 13. Nb5 Nf6 14. Bc7 Qd5 15. Qe3 Qc6 16. Rc1 Nbd5 17. Rxc6 Nxe3 18. Rxf6 Nxg2+ 19. Kf1 Bxf6 20. Kxg2 Bf5 21. Nd2 Bc2 22. b3 Ra6 23. Bf3 Bg5 24. Bxb7 Re6 25. Nf3 Bh6 26. Bd5 Ra6 27. Re1 1-0

[Event "ESTCC 65 2019"]
[Site "Mali Losinj"]
[Date "2019.09.23"]
[Round "6.6"]
[White "Kierzek, Matthias"]
[Black "Westerinen, Heikki M.J."]
[Result "1/2-1/2"]
[ECO "A75"]
[WhiteElo "2186"]
[BlackElo "2296"]
[Annotator "NA"]
[PlyCount "52"]
[EventDate "2019.09.18"]
[EventType "team-tourn"]
[EventCountry "CRO"]
[SourceTitle "playchess.com"]
[Source "ChessBase"]
[SourceQuality "1"]
[WhiteTeam "Germany"]
[BlackTeam "Finland"]
[WhiteTeamCountry "GER"]
[BlackTeamCountry "FIN"]
[TimeControl "40/5400+30:1800+30"]

1. d4 Nf6 2. c4 g6 3. Nc3 Bg7 4. e4 d6 5. Be2 O-O 6. Bg5 c5 7. d5 e6 8. Nf3 exd5 9. cxd5 Bg4 10. O-O Nbd7 11. Nd2 Bxe2 12. Qxe2 a6 13. a4 Re8 14. f4 Qc7 15. Qd3 c4 16. Qf3 b5 17. Kh1 Rab8 18. axb5 axb5 19. Ra6 Rb6 20. Rfa1 Nc5 21. Rxb6 Qxb6 22. e5 Nd3 23. exf6 Nf2+ 24. Kg1 Ng4+ 25. Kh1 Nf2+ 26. Kg1 Ng4+ 1/2-1/2

[Event "ESTCC 65 2019"]
[Site "Mali Losinj"]
[Date "2019.09.23"]
[Round "6.7"]
[White "Kivimaki, Jaakko"]
[Black "Herbrechtsmeier, Christof"]
[Result "1/2-1/2"]
[ECO "A48"]
[WhiteElo "2195"]
[BlackElo "2210"]
[Annotator "NA"]
[PlyCount "61"]
[EventDate "2019.09.18"]
[EventType "team-tourn"]
[EventCountry "CRO"]
[SourceTitle "playchess.com"]
[Source "ChessBase"]
[SourceQuality "1"]
[WhiteTeam "Finland"]
[BlackTeam "Germany"]
[WhiteTeamCountry "FIN"]
[BlackTeamCountry "GER"]
[TimeControl "40/5400+30:1800+30"]

1. d4 Nf6 2. Nf3 g6 3. e3 Bg7 4. c3 O-O 5. Be2 d6 6. b4 Nbd7 7. a4 e5 8. b5 a5 9. bxa6 b6 10. a5 Bxa6 11. axb6 Bxe2 12. Rxa8 Qxa8 13. Qxe2 Nxb6 14. O-O Ne4 15. Nfd2 Rb8 16. Nxe4 Qxe4 17. Na3 exd4 18. cxd4 Qa8 19. Qc2 c6 20. Nc4 Nxc4 21. Qxc4 d5 22. Qc2 Bf8 23. Bd2 Qb7 24. Rd1 Qb3 25. Qxb3 Rxb3 26. Kf1 f5 27. Rc1 Rb6 28. Ba5 Rb5 29. Bc7 c5 30. dxc5 Rxc5 31. Rxc5 1/2-1/2

[Event "ESTCC 65 2019"]
[Site "Mali Losinj"]
[Date "2019.09.23"]
[Round "6.8"]
[White "Kiefer, Gerhard"]
[Black "Vinke, Dietmar"]
[Result "1-0"]
[ECO "B17"]
[WhiteElo "2227"]
[BlackElo "2129"]
[Annotator "NA"]
[PlyCount "57"]
[EventDate "2019.09.18"]
[EventType "team-tourn"]
[EventCountry "CRO"]
[SourceTitle "playchess.com"]
[Source "ChessBase"]
[SourceQuality "1"]
[WhiteTeam "Germany"]
[BlackTeam "Finland"]
[WhiteTeamCountry "GER"]
[BlackTeamCountry "FIN"]
[TimeControl "40/5400+30:1800+30"]

1. e4 c6 2. d4 d5 3. Nc3 dxe4 4. Nxe4 Nd7 5. Nf3 Ngf6 6. Nxf6+ Nxf6 7. Bc4 e6 8. O-O Be7 9. c3 O-O 10. Re1 c5 11. Bg5 cxd4 12. Nxd4 Qa5 13. Bh4 a6 14. Qf3 Re8 15. Rad1 Qc7 16. Bb3 Bd7 17. Bg3 Qb6 18. Be5 Rad8 19. Qg3 Qc5 20. Bc2 Bc8 21. Rd3 Rd5 22. Rde3 Bd6 23. Nf5 exf5 24. Bxf6 Bxg3 25. Rxe8+ Qf8 26. Rxf8+ Kxf8 27. Be7+ Ke8 28. hxg3 Be6 29. Bg5 1-0

[Event "ESTCC 65 2019"]
[Site "Mali Losinj"]
[Date "2019.09.23"]
[Round "6.10"]
[White "Vucenovic, Dragomir"]
[Black "Wahlbom, Magnus"]
[Result "1/2-1/2"]
[ECO "A30"]
[WhiteElo "2154"]
[BlackElo "2255"]
[Annotator "NA"]
[PlyCount "67"]
[EventDate "2019.09.18"]
[EventType "team-tourn"]
[EventCountry "CRO"]
[SourceTitle "playchess.com"]
[Source "ChessBase"]
[SourceQuality "1"]
[WhiteTeam "Switzerland"]
[BlackTeam "Sweden"]
[WhiteTeamCountry "SUI"]
[BlackTeamCountry "SWE"]
[TimeControl "40/5400+30:1800+30"]

1. d4 Nf6 2. Nf3 b6 3. g3 Bb7 4. Bg2 e6 5. O-O c5 6. c4 cxd4 7. Qxd4 d6 8. Nc3 a6 9. b3 Nbd7 10. Bb2 Be7 11. Rfe1 O-O 12. Rad1 Qc7 13. e4 Rad8 14. h3 Rfe8 15. Qe3 Bf8 16. Na4 Nxe4 17. Nh2 Nec5 18. Nxc5 Nxc5 19. Bxb7 Qxb7 20. Ng4 e5 21. Rd5 b5 22. Qe2 bxc4 23. Qxc4 Rc8 24. Ne3 Nd7 25. Qe2 Nb6 26. Ra5 Ra8 27. Rd1 Rec8 28. Ba3 Rc6 29. Qg4 Re8 30. h4 h6 31. Qe2 Ra8 32. Qg4 Re8 33. Qe2 Ra8 34. Qg4 1/2-1/2